 Dungeon Crawl Stone Soup version 0.28.0 (webtiles) character file.

Game seed: 12173511574118847841

124 greynaab the Magician (level 5, 0/40 HPs)
             Began as a Djinni Hedge Wizard on Feb 6, 2022.
             Was a Follower of Wu Jian.
             Slain by a necrophage (5 damage)
             ... on level 4 of the Dungeon.
             The game lasted 00:09:11 (2960 turns).

greynaab the Magician (Djinni Hedge Wizard)         Turns: 2960, Time: 00:09:12

Health: 0/40       AC:  2    Str:  9    XL:     5   Next: 30%
Gold:   51         EV: 12    Int: 17    God:    Wu Jian [*.....] SH:  0 Dex: 19

rFire   + + .      SeeInvis .   a - +0 dagger
rCold   x . .      Faith    .   (no shield)
rNeg    . . .      Spirit   .   b - +0 robe
rPois   ∞          Reflect  .   c - +0 hat
rElec   .          Harm     .   (no cloak)
rCorr   .          Rampage  .   (no gloves)
Will    .....                   (boots unavailable)
Stlth   ++........              m - amulet of the acrobat
HPRegen 0.13/turn               f - +6 ring of dexterity
MPRegen 0.00/turn               k - ring of wizardry

@: flying
A: sickness immunity, fire resistance 2, cold vulnerability 1, float, innate
caster, HP casting, extra vitality 1
a: Renounce Religion


You were on level 4 of the Dungeon.
You worshipped Wu Jian.
Wu Jian was aware of your devotion.
You visited 1 branch of the dungeon, and saw 4 of its levels.

You collected 51 gold pieces.

Inventory:

Hand Weapons
 a - a +0 dagger (weapon)
Armour
 b - a +0 robe (worn)
 c - a +0 hat (worn)
Jewellery
 f - a +6 ring of dexterity (left hand)
 k - a ring of wizardry (right hand)
 m - an amulet of the acrobat (around neck)
Wands
 p - a wand of iceblast (8)
Scrolls
 e - a scroll of fog
 i - a scroll of summoning {unknown}
 j - a scroll of fear
 n - a scroll of vulnerability {unknown}
 q - a scroll of immolation {unknown}
Potions
 d - a potion of heal wounds {unknown}
 g - a potion of invisibility {unknown}
 l - a potion of curing {unknown}
 o - a potion of lignification {unknown}
 r - a potion of attraction {unknown}


   Skills:
 + Level 2.9 Fighting
 - Level 2.1 Dodging
 - Level 1.5 Stealth
 + Level 3.6 Spellcasting


You couldn't memorise any spells.
You knew the following spells:

 Your Spells              Type           Power      Damage    Failure   Level
a - Magic Dart            Conj           60%        1d6       1%          1
b - Blink                 Tloc           30%        N/A       2%          2
c - Call Imp              Summ           15%        N/A       2%          2
d - Slow                  Hex            60%        N/A       1%          1
e - Conjure Flame         Conj/Fire      15%        6-21      4%          3
f - Mephitic Cloud        Conj/Pois/Air  15%        N/A       4%          3
g - Summon Small Mammal   Summ           60%        N/A       1%          1
h - Corpse Rot            Necr/Air       30%        N/A       2%          2
Your spell library was empty.

Dungeon Overview and Level Annotations

Branches:
Dungeon (3/15)

Altars:
Wu Jian

Shops:
D:2 *


Innate Abilities, Weirdness & Mutations

You are immune to sickness and miasma.
You are immune to poison.
Your flesh is very heat resistant. (rF++)
You are vulnerable to cold. (rC-)
You float through the air rather than walking.
You learn spells naturally, not from books.
Your magical power is your life essence.
You have superior vitality. (+4 MHP)


Message History

You hit the adder.
The adder is severely wounded.
The adder bites you but does no damage.
You miss the adder.
The adder is severely wounded.
The adder bites you. The adder closely misses you.
You hit the adder but do no damage.
The adder is severely wounded.
The adder bites you but does no damage.
You hit the adder.
The adder is almost dead.
The adder closely misses you.
You miss the adder.
The adder is almost dead.
Your hearing returns.
The adder closely misses you.
You hit the adder.
You kill the adder!
The Council accepts your kill.
Aiming: Magic Dart (safe; 1% risk of failure)
Press: ? - help, Q - select action, (/) - cycle Shift-Dir - straight line, f - necrophage
Aim: a necrophage (100% to hit)
Okay, then.
Casting: Magic Dart (safe; 1% risk of failure)
Confirm with . or Enter, or press ? or * to list all spells.
Aiming: Slow (safe; 1% risk of failure)
Press: ? - help, Shift-Dir - straight line, f - necrophage
Aim: a necrophage (chance to affect: 37%)
The necrophage easily resists.
* * * LOW HITPOINT WARNING * * *
The necrophage hits you!
* * * LOW HITPOINT WARNING * * *
You spin and attack the necrophage.
You hit the necrophage.
The necrophage is lightly damaged.
The necrophage hits you.
* * * LOW HITPOINT WARNING * * *
You spin and attack the necrophage.
You hit the necrophage.
The necrophage is lightly damaged.
The necrophage hits you.
You die...

.....
................
............... ##
8............. [.#
#............ ....
#..........##.....
#.....##n.........
#...##§..........
#..@##...........
###.n...###...#.#
#.#.### #..# #####
###


You could see a necrophage.

Vanquished Creatures
  4 adders
  A dart slug (D:1)
  5 ball pythons
  4 bats
  2 endoplasms
  2 giant cockroaches
  5 goblins
  5 hobgoblins
  6 quokkas
  4 frilled lizards
  A quokka skeleton (D:2)
  3 rats
42 creatures vanquished.

Vanquished Creatures (collateral kills)
  A hound (D:2)
  A worm (D:2)
  2 endoplasms (D:2)
  3 goblins (D:1)
  A quokka (D:2)
  A rat (D:1)
9 creatures vanquished.

Vanquished Creatures (others)
  2 fungi (D:2)
  2 plants (D:2)
4 creatures vanquished.

Grand Total: 55 creatures vanquished

Notes
Turn   | Place    | Note
-------+----------+-------------------------------------------
     0 | D:1      | greynaab the Djinni Hedge Wizard began the quest for the
                  | Orb.
     0 | D:1      | Reached XP level 1. HP: 15/15 MP: 0/0
   369 | D:1      | Reached XP level 2. HP: 20/21 MP: 0/0
   809 | D:1      | Reached skill level 1 in Fighting
  1142 | D:1      | Reached XP level 3. HP: 27/27 MP: 0/0
  1142 | D:1      | Learned a level 1 spell: Summon Small Mammal
  1158 | D:1      | Reached skill level 3 in Spellcasting
  1752 | D:2      | Reached XP level 4. HP: 14/33 MP: 0/0
  2209 | D:2      | Found a faded altar of an unknown god.
  2210 | D:2      | Found Kokh's Assorted Antiques.
  2228 | D:2      | Prayed at the altar of an unknown god.
  2228 | D:2      | Became a worshipper of the Wu Jian Council
  2228 | D:2      | Reached * piety under Wu Jian
  2414 | D:2      | Reached XP level 5. HP: 34/39 MP: 0/0
  2414 | D:2      | Learned a level 2 spell: Corpse Rot
  2912 | D:3      | You are sucked into a shaft and drop 1 floor!
  2928 | D:4      | Noticed a necrophage
  2960 | D:4      | Slain by a necrophage

Illustrated notes

Levels and vault maps discovered:
D:1:      minmay_arrival_pointy, layout_loops_ring, minmay_vboxes
D:2:      layout_rooms, shapermc_ecumenical_altar_acropolis, serial_shops, shop,
          minmay_strange_pillars
D:3:      layout_basic, kennysheep_minor_cross, uniq_sigmund, uniq_natasha
D:4:      layout_cave_pools, biasface_ghost_orc_armoury, serial_shops,
          nicolae_shop_temple_entry_statues_fountains, minmay_shop_damaged

Skill      XL: |  1  2  3 |
---------------+----------+-----
Fighting       | 1 2 |  2.9
Spellcasting   | 3 |  3.6
Dodging        | |  2.1
Stealth        | |  1.5

Action                   |  1- 3 |  4- 6 || total
-------------------------+-------+-------++-------
Melee: Dagger            |     9 |    46 ||    55
       Punch             |       |     1 ||     1
 Cast: Magic Dart        |    65 |    32 ||    97
       Summon Small Mamm |     2 |     2 ||     4
       Call Imp          |     1 |     3 ||     4
       Blink             |     1 |     1 ||     2
       Slow              |     1 |     1 ||     2
       Mephitic Cloud    |       |     1 ||     1
       Corpse Rot        |       |     1 ||     1
Invok: Whirlwind         |       |     3 ||     3
       Lunge             |       |     1 ||     1
  Use: Scroll            |       |     3 ||     3
 Stab: Sleeping          |     1 |       ||     1
       Confused          |       |     1 ||     1
Armor: Robe              |     5 |     7 ||    12
Dodge: Dodged            |     7 |    28 ||    35
